 Dungeon Crawl Stone Soup version 0.28.0-53-g5a82cb258f (webtiles) character file.

Game seed: 1925826530137222003

30 mcbry74 the Vexing (level 3, 0/28 HPs)
             Began as a Gnoll Arcane Marksman on June 30, 2022.
             Slain by a worm (6 damage)
             ... on level 2 of the Dungeon.
             The game lasted 00:05:42 (1252 turns).

mcbry74 the Vexing (Gnoll Arcane Marksman)          Turns: 1252, Time: 00:05:43

Health: 0/28       AC:  2    Str:  9    XL:     3   Next: 20%
Magic:  7/7        EV: 13    Int: 14    God:
Gold:   21         SH:  0    Dex: 12    Spells: 6/7 levels left

rFire   . . .      SeeInvis .   b - +0 whip
rCold   . . .      Faith    .   (no shield)
rNeg    . . .      Spirit   .   d - +0 robe
rPois   .          Reflect  .   (no helmet)
rElec   .          Harm     .   (no cloak)
rCorr   .          Rampage  .   (no gloves)
Will    .....                   (no boots)
Stlth   +.........              (no amulet)
HPRegen 0.09/turn               (no ring)
MPRegen 0.10/turn               (no ring)

@: no status effects
A: fangs 1, strong nose, distributed training
a: no special abilities


You were on level 2 of the Dungeon.
You visited 1 branch of the dungeon, and saw 2 of its levels.

You collected 21 gold pieces.

Inventory:

Hand Weapons
 a - a +0 shortbow
 b - a +0 whip (weapon)
 i - a +0 spear
Missiles
 c - 39 arrows
 h - 39 stones (quivered)
Armour
 d - a +0 robe (worn)
Jewellery
 e - an amulet of the acrobat
Wands
 l - a wand of flame (6)
Scrolls
 g - a scroll of silence
 k - a scroll of magic mapping {unknown}
Potions
 m - a potion of mutation {unknown}


   Skills:
 + Level 2.5 Fighting
 + Level 0.6 Short Blades
 + Level 0.6 Long Blades
 + Level 0.6 Axes
 + Level 0.6 Maces & Flails
 + Level 0.6 Polearms
 + Level 0.6 Staves
 + Level 0.6 Slings
 + Level 4.5 Bows
 + Level 0.6 Crossbows
 + Level 0.6 Throwing
 + Level 0.6 Armour
 + Level 4.5 Dodging
 + Level 0.6 Stealth
 + Level 0.6 Shields
 + Level 0.6 Unarmed Combat
 + Level 2.8 Spellcasting
 + Level 0.4 Conjurations
 + Level 5.4 Hexes
 + Level 0.4 Summonings
 + Level 0.4 Necromancy
 + Level 0.4 Translocations
 + Level 0.4 Transmutations
 + Level 0.4 Fire Magic
 + Level 0.4 Ice Magic
 + Level 0.4 Air Magic
 + Level 0.4 Earth Magic
 + Level 0.4 Poison Magic
 + Level 0.8 Invocations
 + Level 0.6 Evocations


You had 6 spell levels left.
You knew the following spells:

 Your Spells              Type           Power      Damage    Failure   Level
a - Slow                  Hex            68%        N/A       2%          1

Your spell library contained the following spells:

 Spells                   Type           Power      Damage    Failure   Level
 Inner Flame              Hex/Fire       10%        N/A       21%         3
 Portal Projectile        Hex/Tloc       20%        N/A       21%         3
 Cause Fear               Hex            8%         N/A       24%         4


Dungeon Overview and Level Annotations

Branches:
Dungeon (2/15)

Altars:


Innate Abilities, Weirdness & Mutations

You have very sharp teeth.
Your uncanny sense of smell can sniff out nearby items.
Your experience applies equally to all skills.


Message History

You barely miss the worm.
The worm is severely wounded.
The worm misses you.
You hit the worm.
The worm is severely wounded.
The worm closely misses you.
You hit the worm.
The worm is severely wounded.
You hit the worm.
The worm is almost dead.
The worm bites you!
You hit the worm.
The worm is almost dead.
The worm bites you.
You hit the worm but do no damage.
The worm is severely wounded.
You barely miss the worm.
The worm is severely wounded.
The worm completely misses you.
You hit the worm.
The worm is severely wounded.
The worm bites you.
You completely miss the worm. You bite the worm, but do no damage.
The worm is severely wounded.
There is a stone staircase leading down here.
You completely miss the worm.
The worm is heavily wounded.
You hit the worm.
The worm is almost dead.
The worm bites you!
* * * LOW HITPOINT WARNING * * *
You hit the worm but do no damage.
The worm is severely wounded.
The worm barely misses you.
You barely miss the worm.
The worm is severely wounded.
You hit the worm.
The worm is almost dead.
The worm bites you.
You die...

#.............<....#
#..)........##†###.#
######.#.....###
#.#.####8##
####†#.###...#
#..........8..#
#.........###..^
######.........####.#
.(((.(.....w@.....#
.#####............#
###
#......#########.#
##......).!.......# ∆
#...........#######
#...........#
#...........#
#############


You could see a worm.

Vanquished Creatures
  A dart slug (D:1)
  4 ball pythons (D:1)
  An endoplasm (D:1)
  2 giant cockroaches (D:1)
  2 goblins (D:1)
  6 hobgoblins
  A quokka (D:1)
  A bat (D:1)
  3 kobolds
  5 rats
26 creatures vanquished.

Notes
Turn   | Place    | Note
-------+----------+-------------------------------------------
     0 | D:1      | mcbry74 the Gnoll Arcane Marksman began the quest for the
                  | Orb.
     0 | D:1      | Reached XP level 1. HP: 17/17 MP: 4/4
   260 | D:1      | Reached XP level 2. HP: 23/23 MP: 5/5
   714 | D:1      | Reached XP level 3. HP: 20/28 MP: 4/7
  1252 | D:2      | Slain by a worm

Illustrated notes

Levels and vault maps discovered:
D:1:      dpeg_arrival_shelter, layout_loops_cross,
          chequers_serial_rivers_small_b, chequers_serial_rivers_room_b
D:2:      layout_basic, basic_altar, shapermc_ecumenical_altar_petra,
          uniq_jessica

Action                   || total
-------------------------++-------
Melee: Spear             ||    23
       Bite              ||    15
       Whip              ||    72
 Fire: Shortbow          ||    34
 Cast: Slow              ||     9
  Use: Scroll            ||     2
Armor: Robe              ||     8
Dodge: Dodged            ||    53
